 Dungeon Crawl Stone Soup version 0.23.0 (webtiles) character file.

Game seed: 14463265639817053649

228 grindst0ne the Cutter (level 6, 0/40 HPs)
             Began as a Kobold Berserker on Feb 11, 2019.
             Was a Priest of Trog.
             Killed by divine providence
             ... invoked by an orc priest
              (12 damage)
             ... on level 3 of the Dungeon.
             The game lasted 00:03:24 (2444 turns).

grindst0ne the Cutter (Kobold Berserker)            Turns: 2444, Time: 00:03:25

Health: 0/40       AC:  5    Str: 16    XL:     6   Next: 22%
Magic:  6/6        EV: 15    Int:  9    God:    Trog [***...]
Gold:   166        SH:  0    Dex: 14    Spells: 5/5 levels left

rFire    . . .     SeeInvis .   a - +0 short sword
rCold    . . .     Gourm    .   (shield restricted)
rNeg     . . .     Faith    .   l - +0 ring mail
rPois    .         Spirit   .   (no helmet)
rElec    .         Reflect  .   (no cloak)
rCorr    .         Harm     .   (no gloves)
MR       .....                  (no boots)
Stlth    +.........             (no amulet)
HPRegen  0.13/turn              (no ring)
MPRegen  0.10/turn              (no ring)

@: berserk cooldown, slowed, very slow
A: small, carnivore
a: Berserk, Trog's Hand, Renounce Religion


You were on level 3 of the Dungeon.
You worshipped Trog.
Trog was most pleased with you.
You were very full.

You visited 1 branch of the dungeon, and saw 3 of its levels.

You collected 166 gold pieces.

Inventory:

Hand Weapons
 a - a +0 short sword (weapon)
Armour
 b - a +0 animal skin
 e - a +0 plate armour
 l - a +0 ring mail (worn)
Jewellery
 j - an uncursed ring of stealth {unknown}
 o - an uncursed amulet of faith {unknown}
 t - an uncursed ring of ice {unknown}
Scrolls
 d - 3 scrolls of fear {unknown}
 g - a scroll of amnesia {unknown}
 h - 2 scrolls of teleportation {unknown}
 i - 2 scrolls of identify {unknown}
 m - a scroll of remove curse {unknown}
 p - a scroll of enchant armour {unknown}
 s - a scroll of random uselessness {unknown}
Potions
 k - 2 potions of might {unknown}
 q - a potion of invisibility {unknown}
 r - a potion of agility {unknown}
 u - a potion of cancellation {unknown}
Comestibles
 c - 2 rations
 n - 2 chunks of flesh


   Skills:
 + Level 4.9 Fighting
 + Level 5.9 Short Blades
 - Level 1.5 Armour
 + Level 4.6 Dodging


You had 5 spell levels left.
You didn't know any spells.
Your spell library was empty.

Dungeon Overview and Level Annotations

Branches:
Dungeon (3/15)

Altars:
Dithmenos
Nemelex Xobeh


Innate Abilities, Weirdness & Mutations

You are small and have problems with some larger weapons.
You are carnivorous and can eat meat at any time.


Message History

The orc priest hits you with a +0 mace.
You hit the orc priest.
The orc priest is severely wounded.
The orc priest hits you but does no damage.
You barely miss the orc priest.
The orc priest is severely wounded.
The orc priest closely misses you.
You barely miss the orc priest.
The orc priest is severely wounded.
The orc priest closely misses you.
You hit the orc priest but do no damage.
The orc priest is severely wounded.
The orc priest calls down the wrath of Beogh upon you.
Pain shoots through your body!
* * * LOW HITPOINT WARNING * * *
You hit the orc priest.
The orc priest is almost dead.
The orc priest calls down the wrath of Beogh upon you.
Beogh smites you!
You die...

###....# #.#
#######.#
.......####...#
#((.....#
.......(.......
#.#######
####...####.## #(#
# #...# #.# #...#
#)# #...# # #)#
####...# ##.##)#
...#...####.#..o@.#
.......[....#..####
...#...######.
####..........
#...#####..
####...# .......#
......## .###.##


You could see an orc priest.

Vanquished Creatures
  2 orc priests (D:3)
  An orc wizard (D:3)
  7 gnolls (D:2)
  An adder (D:2)
  2 dart slugs
  6 leopard geckos
  3 orcs
  2 giant cockroaches (D:2)
  4 goblins
  7 hobgoblins
  7 kobolds
  A quokka (D:3)
  9 bats
  A frilled lizard (D:1)
  6 rats
59 creatures vanquished.

Notes
Turn   | Place    | Note
-------+----------+-------------------------------------------
     0 | D:1      | grindst0ne the Kobold Berserker began the quest for the
                  | Orb.
     0 | D:1      | Reached XP level 1. HP: 14/14 MP: 1/1
    47 | D:1      | Reached XP level 2. HP: 8/19 MP: 2/2
   575 | D:1      | Reached XP level 3. HP: 23/24 MP: 3/3
   801 | D:1      | Reached ** piety under Trog
  1340 | D:2      | Reached XP level 4. HP: 29/29 MP: 4/4
  1488 | D:2      | Reached skill level 5 in Short Blades
  1543 | D:2      | Reached XP level 5. HP: 29/34 MP: 5/5
  1831 | D:2      | Found a shadowy altar of Dithmenos.
  2290 | D:3      | Reached *** piety under Trog
  2290 | D:3      | Reached XP level 6. HP: 19/39 MP: 6/6
  2351 | D:3      | Found a sparkling altar of Nemelex Xobeh.
  2444 | D:3      | Killed from afar by an orc priest

Skill      XL: |  1  2  3  4  5 |
---------------+----------------+-----
Dodging        | 3 4 |  4.6
Fighting       | 4 |  4.9
Short Blades   | 5 |  5.9
Armour         | |  1.5

Action                   |  1- 3 |  4- 6 || total
-------------------------+-------+-------++-------
Melee: Short sword       |   103 |   109 ||   212
Invok: Berserk           |     5 |     6 ||    11
  Use: Potion            |       |     3 ||     3
 Stab: Sleeping          |     1 |       ||     1
  Eat: Chunk             |    14 |     9 ||    23
Armor: Animal skin       |    14 |       ||    14
       Ring mail         |     5 |    29 ||    34
Dodge: Dodged            |    94 |    67 ||   161
